[Event "Titled Tuesday Blitz August 08 Early 2023"]
[White "Pham, Le Thao Nguyen"]
[Black "Castella Garcia, Fausto"]
[WhiteFideId "12401226"]
[BlackFideId "3501922"]
[WhiteElo "2628"]
[BlackElo "2399"]
[Result "1-0"]
[Round "4"]
[TimeControl "180+1"]
[Date "2023.08.08"]
[WhiteClock "0:00:35"]
[BlackClock "0:00:24"]
[Board "114"]

1. d4 Nf6 2. c4 e5 3. dxe5 Ng4 4. Nf3 Bc5 5. e3 Nc6 6. a3 a5 7. b3 O-O 8. Bb2 Re8 9. Nbd2 d6 10. h3 Ngxe5 11. Be2 Bf5 12. O-O Qd7 13. Kh2 h6 14. Bc3 Rad8 15. Nd4 Bg6 16. f4 Bxd4 17. exd4 Nd3 18. Rf3 Qf5 19. Bxd3 1-0


[Site "https://www.chess.com"]

[Event "Titled Tuesday Blitz August 08 Early 2023"]
[White "Sakun, Volodymyr"]
[Black "Legenia, Artem"]
[WhiteFideId "14114062"]
[BlackFideId "14136945"]
[WhiteElo "2625"]
[BlackElo "2394"]
[Result "1-0"]
[Round "4"]
[TimeControl "180+1"]
[Date "2023.08.08"]
[WhiteClock "0:00:32"]
[BlackClock "0:00:10"]
[Board "115"]

1. d4 Nf6 2. Nf3 d6 3. Bg5 Nbd7 4. Nbd2 e5 5. e4 c6 6. c3 Be7 7. Bd3 h6 8. Bh4 O-O 9. O-O b6 10. Re1 Bb7 11. Bg3 Nh5 12. Nxe5 Nxg3 13. Nxd7 Qxd7 14. hxg3 c5 15. d5 f5 16. Qh5 f4 17. gxf4 Rxf4 18. g3 Rf7 19. Be2 Raf8 20. Bg4 Qe8 21. Be6 Bc8 22. Bxf7+ Rxf7 23. f4 Kh7 24. Nf3 g6 25. Qh2 Bg4 26. Kg2 g5 27. f5 Bf6 28. Kf2 Bxf3 29. Kxf3 Qe5 30. Qh5 Rg7 31. Qg4 b5 32. Rh1 Re7 33. Rae1 b4 34. Qh5 g4+ 35. Kg2 Bg7 36. Qg6+ Kg8 37. Rxh6 bxc3 38. f6 Qxf6 39. Qxf6 Bxf6 40. Rxf6 cxb2 41. Rb1 Rxe4 42. Rxb2 1-0


[Site "https://www.chess.com"]

[Event "Titled Tuesday Blitz August 08 Early 2023"]
[White "Silva, Kaua Marques"]
[Black "Garcia Ramos, Daniel"]
[WhiteFideId "22701168"]
[BlackFideId "32010311"]
[WhiteElo "2376"]
[BlackElo "2625"]
[Result "0-1"]
[Round "4"]
[TimeControl "180+1"]
[Date "2023.08.08"]
[WhiteClock "0:00:07"]
[BlackClock "0:01:20"]
[Board "116"]

1. e4 c6 2. d3 d5 3. Nd2 e5 4. Ngf3 Bd6 5. g3 Nf6 6. Bg2 O-O 7. O-O h6 8. h3 Re8 9. c3 Nbd7 10. Qe2 a5 11. a4 Nf8 12. Nh4 Qc7 13. Kh2 Ne6 14. Nf5 Bf8 15. Nb3 h5 16. Be3 g6 17. Nh4 Nf4 18. Qd2 Nxg2 19. Kxg2 Qd7 20. Rh1 dxe4 21. Rad1 exd3 22. Qxd3 Qxd3 23. Rxd3 Be6 24. Nc5 Bd5+ 25. f3 e4 26. fxe4 Nxe4 27. Nf3 Nxc5 28. Bxc5 Bxc5 0-1


[Site "https://www.chess.com"]

[Event "Titled Tuesday Blitz August 08 Early 2023"]
[White "Hoffmann, Asa"]
[Black "Goltsev, Dmitry"]
[WhiteFideId "2001470"]
[BlackFideId "24176710"]
[WhiteElo "2364"]
[BlackElo "2624"]
[Result "0-1"]
[Round "4"]
[TimeControl "180+1"]
[Date "2023.08.08"]
[WhiteClock "0:00:00"]
[BlackClock "0:00:21"]
[Board "117"]

1. d4 Nf6 2. Bg5 e6 3. Nd2 d5 4. e3 h6 5. Bh4 c5 6. c3 Nc6 7. f4 cxd4 8. exd4 Bd6 9. Nh3 Qc7 10. Qf3 Qb6 11. b3 Bd7 12. Bd3 Rc8 13. O-O Qa5 14. b4 Qb6 15. Nb3 Qc7 16. Rae1 Ne7 17. Nc5 b6 18. Bxf6 gxf6 19. Nxd7 Qxd7 20. Rc1 f5 21. Kh1 Ng6 22. Qh5 Kd8 23. Qe2 Qa4 24. g3 Qa3 25. Qd2 Kc7 26. Ng1 h5 27. Kg2 h4 28. Ne2 hxg3 29. hxg3 Rcg8 30. Rh1 Qa4 31. Rxh8 Rxh8 32. Rh1 Rg8 33. Kf3 Qd7 34. Rh7 Kb8 35. a4 Qe7 36. Ba6 Qf6 37. Qd3 Qe7 38. Qb5 Qc7 39. c4 dxc4 40. Nc3 Nf8 41. Rh6 Nd7 42. Rh7 Nf6 43. Rh6 Rxg3+ 44. Kxg3 Bxf4+ 45. Kf3 Bxh6 46. d5 Qf4+ 47. Ke2 Qe3+ 48. Kf1 Qxc3 0-1


[Site "https://www.chess.com"]

[Event "Titled Tuesday Blitz August 08 Early 2023"]
[White "Lopez Del Alamo, Antonio"]
[Black "Jain Kashish Manoj"]
[WhiteFideId "2227339"]
[BlackFideId "35081098"]
[WhiteElo "2358"]
[BlackElo "2619"]
[Result "0-1"]
[Round "4"]
[TimeControl "180+1"]
[Date "2023.08.08"]
[WhiteClock "0:00:12"]
[BlackClock "0:00:08"]
[Board "118"]

1. e4 c5 2. Nf3 d6 3. d4 cxd4 4. Nxd4 Nf6 5. Nc3 Nc6 6. Bg5 e6 7. Bb5 Bd7 8. Bxc6 Bxc6 9. Nxc6 bxc6 10. Qf3 Be7 11. e5 Nd5 12. Ne4 dxe5 13. Bxe7 Qxe7 14. O-O f5 15. Nd2 e4 16. Qh5+ Qf7 17. Qxf7+ Kxf7 18. Nc4 Kf6 19. Rfe1 Rhd8 20. a3 g5 21. f3 exf3 22. gxf3 Nf4 23. Re3 Rd4 24. b3 Rad8 25. Rae1 c5 26. a4 h5 27. Kf2 h4 28. Kg1 h3 29. Kf2 Rd1 30. Rxd1 Rxd1 31. Re1 Rxe1 32. Kxe1 e5 33. Kf2 e4 34. fxe4 fxe4 35. Kg3 Kf5 36. Ne3+ Ke5 37. c3 Nd5 38. Nc4+ Kf5 39. Nd6+ Ke5 40. Nc4+ Kf6 41. Kxh3 Nxc3 42. Kg4 Nd5 43. h4 gxh4 44. Kxh4 Kf5 45. Kg3 Nf6 46. Nd6+ Ke5 47. Nc4+ Kd4 48. Kf4 Nd5+ 49. Kf5 Ne3+ 50. Nxe3 Kxe3 51. Ke5 Kd3 52. Kd5 e3 53. Kxc5 e2 54. b4 e1=Q 55. b5 Qa5 0-1


[Site "https://www.chess.com"]

[Event "Titled Tuesday Blitz August 08 Early 2023"]
[White "GaiozNigalidze"]
[Black "Christie, Joshua"]
[BlackFideId "7402074"]
[WhiteElo "2349"]
[BlackElo "2618"]
[Result "1-0"]
[Round "4"]
[TimeControl "180+1"]
[Date "2023.08.08"]
[WhiteClock "0:00:17"]
[BlackClock "0:00:03"]
[Board "119"]

1. c4 Nf6 2. Nf3 b6 3. g3 Bb7 4. Bg2 c5 5. O-O e6 6. Nc3 Be7 7. b3 O-O 8. Bb2 d5 9. cxd5 Nxd5 10. Rc1 Nc6 11. d3 Bf6 12. Na4 Bxb2 13. Nxb2 Nd4 14. Nc4 Rc8 15. e3 Nxf3+ 16. Bxf3 Qd7 17. a3 Nf6 18. Bxb7 Qxb7 19. Nd6 Qa6 20. Nxc8 Rxc8 21. b4 Qxa3 22. bxc5 Rxc5 23. Ra1 Qb2 24. Rxa7 h5 25. d4 Rc2 26. Qf3 b5 27. Qa8+ Kh7 28. Rxf7 Rc1 29. Rxc1 Qxc1+ 30. Kg2 b4 31. Qf8 Qc6+ 32. Kh3 Ne8 33. Re7 Qc4 34. Rxe8 Qf1+ 35. Kh4 Qe2 36. Qh8+ Kg6 37. Rxe6+ Kf7 38. Qe8# 1-0


[Site "https://www.chess.com"]

[Event "Titled Tuesday Blitz August 08 Early 2023"]
[White "Przybylski, Wojciech"]
[Black "Mazibuko, Khanya"]
[WhiteFideId "1117599"]
[BlackFideId "14321041"]
[WhiteElo "2618"]
[BlackElo "2344"]
[Result "1-0"]
[Round "4"]
[TimeControl "180+1"]
[Date "2023.08.08"]
[WhiteClock "0:01:14"]
[BlackClock "0:00:33"]
[Board "120"]

1. d4 Nf6 2. c4 e6 3. g3 d5 4. b3 Bb4+ 5. Bd2 Qe7 6. Nf3 O-O 7. Bxb4 Qxb4+ 8. Qd2 Qe7 9. Bg2 Ne4 10. Qc2 Qb4+ 11. Nbd2 Nc6 12. e3 Nxd2 13. Nxd2 dxc4 14. bxc4 e5 15. d5 Na5 16. Rb1 Qe7 17. Rb5 Qa3 18. Nb1 Qe7 19. O-O b6 20. d6 cxd6 21. Bxa8 Ba6 22. Bd5 Bxb5 23. cxb5 Kh8 24. Rc1 f5 25. Nd2 f4 26. Ne4 fxe3 27. fxe3 h6 28. Rf1 Rxf1+ 29. Kxf1 Qe8 30. a4 Qd7 31. Kg2 Qe7 32. Qc8+ Kh7 33. Bg8+ Kg6 34. Qg4+ 1-0


[Site "https://www.chess.com"]

[Event "Titled Tuesday Blitz August 08 Early 2023"]
[White "amanjazu"]
[Black "Domingo Nunez, Ruben"]
[BlackFideId "22245570"]
[WhiteElo "2335"]
[BlackElo "2617"]
[Result "0-1"]
[Round "4"]
[TimeControl "180+1"]
[Date "2023.08.08"]
[WhiteClock "0:00:00"]
[BlackClock "0:00:46"]
[Board "121"]

1. g3 g6 2. f4 Bg7 3. Nf3 d6 4. Bg2 Nd7 5. O-O e5 6. d3 Ngf6 7. Nc3 O-O 8. e4 c6 9. h3 Nh5 10. Kh2 exf4 11. gxf4 f5 12. Ng5 Nc5 13. Bf3 Nxf4 14. Bxf4 fxe4 15. Ngxe4 Rxf4 16. Nxc5 Be5 17. Kh1 Qh4 18. Bg2 Bxh3 19. Rxf4 Bxf4 20. Qf3 Bg4+ 0-1


[Site "https://www.chess.com"]

[Event "Titled Tuesday Blitz August 08 Early 2023"]
[White "Ziatdinov, Raset"]
[Black "Liyanage, Ranindu Dilshan"]
[WhiteFideId "2015323"]
[BlackFideId "9915834"]
[WhiteElo "2329"]
[BlackElo "2609"]
[Result "1-0"]
[Round "4"]
[TimeControl "180+1"]
[Date "2023.08.08"]
[WhiteClock "0:01:04"]
[BlackClock "0:00:00"]
[Board "122"]

1. e4 c5 2. c3 Nf6 3. e5 Nd5 4. d4 cxd4 5. cxd4 d6 6. Nf3 Nc6 7. Bc4 e6 8. O-O Be7 9. Nc3 Nb6 10. Bb3 dxe5 11. dxe5 Qxd1 12. Rxd1 Bd7 13. Be3 Na5 14. Bxb6 axb6 15. Ba4 Bc6 16. Bb5 O-O 17. Bxc6 bxc6 18. Rd7 Bb4 19. Ne4 Rfd8 20. Rad1 Rxd7 21. Rxd7 Nc4 22. b3 Na3 23. Nd6 Bxd6 24. exd6 Nb5 25. a4 Nc3 26. Ne5 Ne2+ 27. Kf1 Nd4 28. Rc7 Kf8 29. Rxf7+ Kg8 30. d7 Rd8 31. Rf4 c5 32. b4 g6 33. bxc5 bxc5 34. a5 g5 35. Rf7 Ra8 36. Re7 Kf8 37. Rxh7 1-0


[Site "https://www.chess.com"]

[Event "Titled Tuesday Blitz August 08 Early 2023"]
[White "Bilan, Danila"]
[Black "EvgenyBurmakin"]
[WhiteFideId "24161918"]
[WhiteElo "2607"]
[BlackElo "2244"]
[Result "1-0"]
[Round "4"]
[TimeControl "180+1"]
[Date "2023.08.08"]
[WhiteClock "0:00:08"]
[BlackClock "0:00:00"]
[Board "123"]

1. d4 f5 2. Nf3 Nf6 3. g3 e6 4. Bg2 Be7 5. O-O O-O 6. c4 d6 7. Nc3 Nc6 8. Qc2 Bd7 9. e4 fxe4 10. Nxe4 Qe8 11. b3 Qh5 12. Bb2 Rae8 13. Rae1 Bd8 14. Nfd2 e5 15. dxe5 Ng4 16. h3 Ngxe5 17. f4 Ng6 18. Kh2 Bf5 19. Qc3 Qh6 20. Qf3 Bd7 21. Nc3 Nce5 22. Qd5+ Be6 23. Qxb7 Nd3 24. Rxe6 Rxe6 25. Bd5 Nc5 26. Qc8 Ne7 27. Bxe6+ Qxe6 28. Qxe6+ Nxe6 29. Nce4 Nc5 30. Nxc5 dxc5 31. Ne4 Nf5 32. Nxc5 Ne3 33. Re1 Be7 34. Rxe3 Bxc5 35. Re5 Bd6 36. Re4 Rd8 37. g4 Kf7 38. Bd4 g5 39. Be5 gxf4 40. Bxd6 Rxd6 41. Rxf4+ Ke6 42. Rf2 Rd3 43. Kg2 c5 44. h4 Ke5 45. g5 Rd4 46. Kg3 Rd3+ 47. Kg4 Rd4+ 48. Kh5 Ke6 49. Re2+ Kf7 50. Rf2+ Kg7 51. Rf5 Rd2 52. Rxc5 Rxa2 53. Rc7+ Kg8 54. Kh6 Ra6+ 55. Kh5 Rb6 56. c5 Rxb3 57. Rxa7 Rc3 58. Rc7 1-0


[Site "https://www.chess.com"]

[Event "Titled Tuesday Blitz August 08 Early 2023"]
[White "Jodorcovsky Werjivker, Paulo"]
[Black "Tsvetkov, Andrey"]
[WhiteFideId "3700305"]
[BlackFideId "34139360"]
[WhiteElo "2194"]
[BlackElo "2607"]
[Result "0-1"]
[Round "4"]
[TimeControl "180+1"]
[Date "2023.08.08"]
[WhiteClock "0:00:15"]
[BlackClock "0:00:11"]
[Board "124"]

1. d4 Nf6 2. c4 e6 3. Nc3 Bb4 4. f3 d5 5. a3 Be7 6. e4 dxe4 7. fxe4 c5 8. d5 exd5 9. exd5 O-O 10. Nf3 a6 11. Be2 Bd6 12. O-O Nbd7 13. Qc2 Qc7 14. Bg5 h6 15. Bd2 Ng4 16. h3 Nge5 17. Rae1 Nxf3+ 18. Bxf3 Be5 19. Be4 Nf6 20. Bf3 Bd4+ 21. Kh1 Bd7 22. Ne4 Rae8 23. Nxf6+ Bxf6 24. Qc1 Be5 25. b4 b6 26. Be3 Bg3 27. Bf2 Bxf2 28. Rxf2 Qg3 29. Rxe8 Rxe8 30. Re2 Rc8 31. Qe1 Qxe1+ 32. Rxe1 cxb4 33. axb4 Rxc4 34. Ra1 Bb5 35. d6 Rd4 36. Bb7 Rxd6 37. Bxa6 Bc6 38. Bc4 Rd4 39. Rc1 Be4 40. Kg1 Rd2 41. Bf1 Rb2 42. b5 f5 43. Rc8+ Kh7 44. Rb8 Rb1 45. Kf2 Rb2+ 46. Kg1 Kg6 47. Rxb6+ Kg5 48. Rd6 Kf4 49. Rd1 Kg3 50. Re1 Bxg2 51. Bxg2 Rxg2+ 52. Kh1 Rh2+ 53. Kg1 Rg2+ 54. Kh1 f4 55. Rb1 Rh2+ 56. Kg1 Rg2+ 57. Kh1 f3 58. b6 Rh2+ 59. Kg1 f2+ 60. Kf1 Rh1+ 61. Ke2 Rxb1 62. b7 Rxb7 0-1


[Site "https://www.chess.com"]

[Event "Titled Tuesday Blitz August 08 Early 2023"]
[White "ArtemDyachuk"]
[Black "Narayanan, Srinath"]
[BlackFideId "5018420"]
[WhiteElo "2523"]
[BlackElo "2870"]
[Result "1-0"]
[Round "4"]
[TimeControl "180+1"]
[Date "2023.08.08"]
[WhiteClock "0:00:03"]
[BlackClock "0:00:01"]
[Board "125"]

1. e4 c5 2. Nf3 d6 3. d4 cxd4 4. Nxd4 Nf6 5. Nc3 Nc6 6. Bg5 e6 7. Qd2 a6 8. O-O-O Be7 9. f4 Bd7 10. Nf3 b5 11. e5 b4 12. exf6 bxc3 13. Qxc3 gxf6 14. Bh4 Rg8 15. Bd3 h5 16. Qd2 Qb6 17. Rhe1 Rb8 18. c3 d5 19. Re2 a5 20. Bb1 a4 21. f5 Na5 22. Qh6 Nc4 23. fxe6 Bxe6 24. Qh7 Kd7 25. Rde1 Rh8 26. Qc2 Nxb2 27. Ne5+ Kc7 28. Nxf7 Ba3 29. Bg3+ Kd7 30. Bxb8 Nc4+ 31. Kd1 Bg4 32. Qf5+ Bxf5 33. Bxf5+ Kc6 34. Re6+ Bd6 35. Bxd6 Nb2+ 36. Kc2 Qf2+ 37. R1e2 Qxf5+ 38. Kxb2 Rg8 39. Bb4+ Kb5 40. Nd6+ Ka6 41. Nxf5+ 1-0


[Site "https://www.chess.com"]

[Event "Titled Tuesday Blitz August 08 Early 2023"]
[White "Kosteniuk, Alexandra"]
[Black "Berezin, Viktor"]
[WhiteFideId "4128125"]
[BlackFideId "14107872"]
[WhiteElo "2770"]
[BlackElo "2522"]
[Result "0-1"]
[Round "4"]
[TimeControl "180+1"]
[Date "2023.08.08"]
[WhiteClock "0:00:13"]
[BlackClock "0:00:05"]
[Board "126"]

1. Nf3 Nf6 2. g3 g6 3. b3 Bg7 4. Bb2 O-O 5. Bg2 d6 6. c4 Nc6 7. d4 a6 8. Nc3 Rb8 9. d5 Na5 10. Qd3 c5 11. h4 h5 12. Ng5 b5 13. cxb5 axb5 14. Nxb5 Ba6 15. a4 Qe8 16. Qc3 Qd8 17. O-O Bxb5 18. axb5 Rxb5 19. Rfb1 Nxb3 20. Ra7 Nd4 21. Qd3 Qb8 22. Ra2 Rb3 23. Qd2 Rb4 24. Rd1 Qb7 25. Bc3 Rc4 26. e3 Ne2+ 27. Qxe2 Rxc3 28. Rda1 Rb3 29. Ra7 Rb1+ 30. Bf1 Qb8 31. Rxb1 Qxa7 32. e4 Rb8 33. Rd1 Ng4 34. Bh3 Rb2 35. Rd2 Qa1+ 36. Kg2 Rxd2 37. Qxd2 Ne5 38. Qc2 c4 39. f4 Nd3 40. Qxc4 Qb2+ 41. Kh1 Nf2+ 42. Kg2 Nxe4+ 43. Kf3 Nd2+ 0-1


[Site "https://www.chess.com"]

[Event "Titled Tuesday Blitz August 08 Early 2023"]
[White "Nemec, Jachym"]
[Black "Sychev, Klementy"]
[WhiteFideId "23716525"]
[BlackFideId "4114060"]
[WhiteElo "2509"]
[BlackElo "2760"]
[Result "0-1"]
[Round "4"]
[TimeControl "180+1"]
[Date "2023.08.08"]
[WhiteClock "0:00:42"]
[BlackClock "0:00:04"]
[Board "127"]

1. d4 Nf6 2. c4 g6 3. Nc3 d5 4. Nf3 Bg7 5. h3 c6 6. Bf4 dxc4 7. e3 b5 8. Be2 O-O 9. O-O Nd5 10. Bh2 a6 11. Ne4 Nd7 12. b3 cxb3 13. Qxb3 Bb7 14. Rfc1 N5f6 15. Nfd2 Rc8 16. Nxf6+ Nxf6 17. Bf3 Nd5 18. Ne4 Ba8 19. a4 Nb6 20. Nc5 e5 21. dxe5 Nc4 22. Be2 Nxe5 23. Nxa6 Qe7 24. a5 c5 25. Qxb5 Bc6 26. Qxc5 Qg5 27. Bg3 h5 28. h4 Qf6 29. Qb4 Ng4 30. Bxg4 hxg4 31. Nc5 Ba8 32. Nd3 Qf5 33. Ra3 Qd5 34. e4 Rxc1+ 35. Nxc1 Qd1+ 36. Kh2 Qxc1 37. a6 Qc6 38. a7 Qxe4 39. Qxe4 Bxe4 40. Bb8 Ba8 41. Kg3 f5 42. Kf4 Re8 43. Rd3 Bh6+ 44. Kg3 Bf8 45. Kf4 Be7 46. Kg3 Bc5 47. Rd7 Bf8 48. Kf4 Bh6+ 49. Kg3 Bg7 50. Kf4 Bf6 51. Kg3 Bc6 52. Rd6 Be5+ 53. f4 gxf3+ 0-1


[Site "https://www.chess.com"]

[Event "Titled Tuesday Blitz August 08 Early 2023"]
[White "Hnydiuk, Aleksander"]
[Black "jumpingknight20"]
[WhiteFideId "1109057"]
[WhiteElo "2507"]
[BlackElo "2690"]
[Result "0-1"]
[Round "4"]
[TimeControl "180+1"]
[Date "2023.08.08"]
[WhiteClock "0:00:00"]
[BlackClock "0:00:10"]
[Board "128"]

1. d4 Nf6 2. c4 e6 3. Nf3 d5 4. Nc3 c6 5. Bg5 Nbd7 6. e3 Be7 7. Qc2 O-O 8. Rd1 h6 9. Bh4 b6 10. Bd3 Bb7 11. O-O c5 12. cxd5 Nxd5 13. Bxe7 Qxe7 14. Nxd5 Bxd5 15. Bh7+ Kh8 16. Be4 Bxe4 17. Qxe4 Nf6 18. Qe5 Rac8 19. d5 Rfd8 20. dxe6 Qxe6 21. Qxe6 fxe6 22. Ne5 Kg8 23. f3 Rd5 24. Rxd5 exd5 25. Kf2 Kf8 26. g4 Ke7 27. h4 Kd6 28. Nd3 Rf8 29. Ke2 Nd7 30. Rd1 Re8 31. Kf2 a5 32. Nf4 Re5 33. Ng6 Re8 34. Nf4 a4 35. Nxd5 Kc6 36. Nc3 Ra8 37. Ne4 Ne5 38. Rd6+ Kb5 39. Nc3+ Ka5 40. Rd5 Nc4 41. b3 axb3 42. axb3 Kb4 43. bxc4 Kxc3 44. Rd6 Rb8 45. e4 Kxc4 46. e5 b5 47. f4 b4 48. e6 b3 49. e7 Re8 50. Re6 b2 51. Re1 Rxe7 52. Rxe7 b1=Q 53. f5 Qb2+ 54. Kf3 Qf6 55. Re6 Qxh4 56. g5 Qxg5 0-1


[Site "https://www.chess.com"]

[Event "Titled Tuesday Blitz August 08 Early 2023"]
[White "Glavina, Pablo"]
[Black "Goroshkov, Maksym"]
[WhiteFideId "100234"]
[BlackFideId "14142716"]
[WhiteElo "2504"]
[BlackElo "2658"]
[Result "1-0"]
[Round "4"]
[TimeControl "180+1"]
[Date "2023.08.08"]
[WhiteClock "0:02:16"]
[BlackClock "0:00:40"]
[Board "129"]

1. c4 Nf6 2. Nc3 e5 3. Nf3 Nc6 4. g3 Be7 5. Bg2 O-O 6. O-O d6 7. d4 exd4 8. Nxd4 Bd7 9. b3 Nxd4 10. Qxd4 Bc6 11. Bxc6 bxc6 12. Bb2 Ne8 13. Rad1 Bf6 14. Qd3 Qd7 15. Rfe1 g6 16. e4 Bg7 17. Ba3 Qh3 18. Ne2 Be5 19. f4 Nf6 20. fxe5 Ng4 21. Qf3 Qxh2+ 22. Kf1 Qh3+ 23. Kg1 Qh2+ 24. Kf1 f5 25. Nf4 dxe5 26. Bxf8 Rxf8 27. Ne6 Qc2 28. Qe2 Qc3 29. Rd3 fxe4+ 30. Nxf8 exd3 31. Qxg4 d2 32. Rd1 Kxf8 33. Ke2 e4 34. Qxe4 Qxg3 35. Rxd2 Qh2+ 36. Kd3 Qd6+ 37. Ke3 Qg3+ 38. Qf3+ Qxf3+ 39. Kxf3 Ke7 40. Kf4 h6 41. Ke5 a5 42. Rh2 h5 43. Rg2 Kf7 44. a4 Kg7 45. Ke6 c5 46. Kd5 Kh6 47. Ke5 h4 48. Kf6 g5 49. Rxg5 h3 50. Rg3 Kh5 51. Rxh3+ Kg4 52. Rh8 c6 53. Rc8 Kf4 54. Rxc6 Ke4 55. Rxc5 Kd4 56. Rxa5 Kc3 57. Rb5 Kb2 58. a5 Ka3 59. a6 Kb2 60. a7 Kc3 61. a8=Q Kd4 62. Qd5+ Kc3 63. c5 Kb2 64. b4 Ka3 65. Rb6 Kb2 66. b5 Ka3 67. c6 Kb4 68. Rb7 Ka5 69. b6+ Kb4 70. c7 Ka4 71. Ra7+ Kb4 72. Ra5 Kc3 73. b7 Kb4 74. Ke6 Kc3 75. Kf7 Kb4 76. Kg8 Kc3 77. Kh7 Kb4 78. Kh6 Kc3 79. Kh5 Kb4 80. Kg4 Kc3 81. Kg3 Kb4 82. Kf2 Kc3 83. Ke1 Kb4 84. b8=Q+ Kc3 85. c8=Q# 1-0


[Site "https://www.chess.com"]

[Event "Titled Tuesday Blitz August 08 Early 2023"]
[White "Jovic, Stanoje"]
[Black "Zeynalli, Rashad"]
[WhiteFideId "905020"]
[BlackFideId "13403320"]
[WhiteElo "2486"]
[BlackElo "2658"]
[Result "1-0"]
[Round "4"]
[TimeControl "180+1"]
[Date "2023.08.08"]
[WhiteClock "0:00:25"]
[BlackClock "0:00:45"]
[Board "130"]

1. c4 e6 2. g3 Nf6 3. Bg2 d5 4. Nf3 d4 5. O-O Nc6 6. e3 e5 7. exd4 exd4 8. Re1+ Be7 9. d3 O-O 10. Bg5 h6 11. Bxf6 Bxf6 12. Nbd2 Bf5 13. Ne4 Bxe4 14. Rxe4 Re8 15. Nd2 Ne5 16. Qb3 Nd7 17. Qxb7 Rb8 18. Rxe8+ Qxe8 19. Qxc7 Rxb2 20. Ne4 a6 21. Qc6 Qd8 22. Qxa6 Ne5 23. c5 Be7 24. Rc1 f5 25. Nd6 Ng4 26. Qc4+ Kh7 27. Nxf5 Rxf2 28. Be4 Kh8 29. c6 Bg5 30. c7 Qc8 31. Bb7 Bxc1 32. Bxc8 Be3 33. Nxe3 dxe3 34. Bxg4 1-0


[Site "https://www.chess.com"]

[Event "Titled Tuesday Blitz August 08 Early 2023"]
[White "Khamdamova, Afruza"]
[Black "Sagita, Catur Adi"]
[WhiteFideId "14210444"]
[BlackFideId "7104618"]
[WhiteElo "2481"]
[BlackElo "2646"]
[Result "0-1"]
[Round "4"]
[TimeControl "180+1"]
[Date "2023.08.08"]
[WhiteClock "0:00:15"]
[BlackClock "0:00:37"]
[Board "131"]

1. e4 c5 2. Nf3 d6 3. d4 cxd4 4. Nxd4 Nf6 5. Nc3 a6 6. Bg5 e6 7. Qe2 Be7 8. f4 h6 9. Bh4 Nxe4 10. Nxe4 Bxh4+ 11. g3 Be7 12. O-O-O d5 13. Nc3 Nc6 14. f5 Nxd4 15. Rxd4 O-O 16. Bg2 Bf6 17. Rd3 Qa5 18. fxe6 fxe6 19. Kb1 Bd7 20. h4 Rac8 21. Nd1 Kh8 22. Rf3 Ba4 23. b3 Bb5 24. Qf2 Rc7 25. g4 Rfc8 26. Rxf6 Rxc2 27. Rf8+ Kh7 28. Qxc2+ Rxc2 29. Kxc2 Qxa2+ 30. Nb2 Bd3+ 31. Kc3 Bg6 32. Rhf1 d4+ 33. Kb4 Qxb2 34. h5 Bd3 35. R1f2 Qc3+ 36. Ka3 Qa1+ 37. Kb4 b6 0-1


[Site "https://www.chess.com"]

[Event "Titled Tuesday Blitz August 08 Early 2023"]
[White "Yashmetov, Mikhail"]
[Black "Tregubov, Pavel V."]
[WhiteFideId "24198900"]
[BlackFideId "4115341"]
[WhiteElo "2480"]
[BlackElo "2621"]
[Result "1/2-1/2"]
[Round "4"]
[TimeControl "180+1"]
[Date "2023.08.08"]
[WhiteClock "0:00:07"]
[BlackClock "0:00:06"]
[Board "132"]

1. d4 Nf6 2. c4 e6 3. g3 Bb4+ 4. Bd2 Qe7 5. Nf3 Bxd2+ 6. Qxd2 Nc6 7. Nc3 d5 8. b3 O-O 9. Bg2 Rd8 10. O-O dxc4 11. bxc4 Nxd4 12. Nxd4 e5 13. e3 c5 14. Nd5 Nxd5 15. Bxd5 exd4 16. exd4 cxd4 17. Qxd4 Be6 18. Rad1 Bxd5 19. cxd5 Rd6 20. Rd2 b6 21. Rfd1 Rc8 22. Qf4 h6 23. h4 Rc5 24. Qf3 Qd7 25. Kg2 Rf6 26. Qe4 Rd6 27. Qf3 Qd8 28. Qe4 Qf6 29. Qf3 Qxf3+ 30. Kxf3 f5 31. h5 Kf7 32. Kf4 Kf6 33. Rd4 Ra5 34. R1d2 Rc5 35. R4d3 Rc4+ 36. Kf3 Kg5 37. Re3 Rc7 38. Re6 Rcd7 39. Re5 Rf7 40. Re6 Rxe6 41. dxe6 Re7 42. Rd7 Kf6 43. Rd5 Kxe6 44. Rd1 Rc7 45. Re1+ Kf6 46. Rd1 Rc3+ 47. Kf4 Rc4+ 48. Kf3 Ra4 49. Rd2 Ra3+ 50. Kf4 Ra4+ 51. Kf3 Kg5 52. Rd7 Rxa2 53. Rxg7+ Kxh5 54. Kf4 b5 55. Kxf5 Rxf2+ 56. Ke4 Rb2 57. Rxa7 Kg4 58. Rh7 Kh3 59. Rxh6+ Kxg3 60. Rb6 Kf2 61. Kd4 Ke2 62. Kc5 Rc2+ 63. Kxb5 Rb2+ 64. Kc6 Rxb6+ 65. Kxb6 1/2-1/2


[Site "https://www.chess.com"]

[Event "Titled Tuesday Blitz August 08 Early 2023"]
[White "Zarubitski, Viachaslau"]
[Black "Vovk, Orest"]
[WhiteFideId "13509373"]
[BlackFideId "14113490"]
[WhiteElo "2618"]
[BlackElo "2477"]
[Result "0-1"]
[Round "4"]
[TimeControl "180+1"]
[Date "2023.08.08"]
[WhiteClock "0:01:44"]
[BlackClock "0:02:03"]
[Board "133"]

1. e4 g5 2. d4 g4 3. Nc3 Bg7 4. Be3 d6 5. h3 h5 6. Qd2 c6 7. O-O-O Qa5 8. Kb1 Nd7 9. hxg4 hxg4 10. Rxh8 Bxh8 11. Nge2 Nf8 12. Ng3 Be6 13. a3 O-O-O 14. Bd3 Ng6 15. Nge2 Nf6 16. d5 cxd5 17. exd5 Nxd5 18. Nxd5 Qxd5 19. Bxa7 Qa2+ 0-1


[Site "https://www.chess.com"]

[Event "Titled Tuesday Blitz August 08 Early 2023"]
[White "Mammadzada, Gunay"]
[Black "Kononenko, Dmitry"]
[WhiteFideId "13403729"]
[BlackFideId "14113538"]
[WhiteElo "2470"]
[BlackElo "2609"]
[Result "1-0"]
[Round "4"]
[TimeControl "180+1"]
[Date "2023.08.08"]
[WhiteClock "0:00:28"]
[BlackClock "0:00:00"]
[Board "134"]

1. e4 c6 2. Nf3 d5 3. d3 dxe4 4. dxe4 Qxd1+ 5. Kxd1 g6 6. a4 Bg7 7. a5 f5 8. Nbd2 Nf6 9. Bd3 O-O 10. exf5 Bxf5 11. Bxf5 gxf5 12. Ke2 Nbd7 13. Nc4 Rae8 14. Bd2 e5 15. Nd6 Re7 16. Nxf5 Ree8 17. Nxg7 Kxg7 18. Ra3 Nd5 19. Rb3 Nc5 20. Ra3 Ne4 21. Rd1 Rf7 22. Be3 a6 23. c4 Nf4+ 24. Kf1 Re6 25. Re1 Nxg2 26. Kxg2 Rg6+ 27. Kh1 Rxf3 28. Bh6+ Kxh6 29. Rxf3 Nd6 30. Rxe5 Nxc4 31. Rh3+ Kg7 32. Re7+ Kf6 33. Rxb7 Nxa5 34. Rbxh7 Nc4 35. b3 Nd2 36. Rg3 Ne4 37. Rxg6+ Kxg6 38. Rc7 Nxf2+ 39. Kg2 Nd3 40. Rxc6+ Kf5 41. Rxa6 Kf4 42. Rd6 Nc5 43. b4 Na4 44. b5 Ke5 45. Ra6 Nc5 46. Rc6 Ne4 47. b6 Nd6 48. h4 Kd5 49. Rxd6+ Kxd6 50. h5 Kc6 51. h6 Kxb6 52. h7 Kc7 53. h8=Q Kd7 54. Kf3 1-0


[Site "https://www.chess.com"]

[Event "Titled Tuesday Blitz August 08 Early 2023"]
[White "NovoselovRoman"]
[Black "Rietze, Clemens, Dr."]
[BlackFideId "24620351"]
[WhiteElo "2609"]
[BlackElo "2452"]
[Result "1-0"]
[Round "4"]
[TimeControl "180+1"]
[Date "2023.08.08"]
[WhiteClock "0:01:19"]
[BlackClock "0:00:26"]
[Board "135"]

1. d4 Nf6 2. Nc3 d5 3. Bg5 Nbd7 4. e3 c6 5. Nf3 b5 6. Bd3 e6 7. Ne2 Bd6 8. c3 O-O 9. Ng3 Qb6 10. Bxf6 Nxf6 11. Ne5 c5 12. Nh5 Be7 13. h4 b4 14. Rh3 Ne4 15. Bxe4 dxe4 16. Nxg7 bxc3 17. Qg4 Kh8 18. Nh5 1-0


[Site "https://www.chess.com"]

[Event "Titled Tuesday Blitz August 08 Early 2023"]
[White "Malek, Jan"]
[Black "Karas, Marek"]
[WhiteFideId "21864080"]
[BlackFideId "14928558"]
[WhiteElo "2597"]
[BlackElo "2448"]
[Result "1-0"]
[Round "4"]
[TimeControl "180+1"]
[Date "2023.08.08"]
[WhiteClock "0:02:24"]
[BlackClock "0:00:41"]
[Board "136"]

1. b3 d5 2. Bb2 Bg4 3. h3 Bh5 4. g3 Nf6 5. Bg2 e6 6. d3 Be7 7. Nd2 O-O 8. g4 Bg6 9. e3 Nc6 10. Ngf3 Bd6 11. a3 a5 12. Nh4 Nd7 13. Nxg6 fxg6 14. Qe2 Be5 15. d4 Bf6 16. c4 Ne7 17. h4 Nc6 18. g5 Be7 19. cxd5 exd5 20. Bxd5+ Kh8 21. Be6 Nb6 22. Ne4 Qe8 23. d5 Nd8 24. Bxg7+ Kxg7 25. Qb2+ 1-0


[Site "https://www.chess.com"]